 Dungeon Crawl Stone Soup version 0.31-a0-162-gc4c5a43528 (webtiles) character file.

Game seed: 1128039903824173634

154 qw the Chopper (level 5, -8/32 HPs)
             Began as a Gargoyle Fighter on June 12, 2023.
             Killed by divine providence
             ... invoked by an orc priest
              (11 damage)
             ... on level 3 of the Dungeon.
             The game lasted 00:01:20 (2308 turns).

qw the Chopper (Gargoyle Fighter)                   Turns: 2308, Time: 00:01:20

Health: -8/32      AC: 13    Str: 22    XL:     5   Next: 35%
Magic:  5/5        EV:  8    Int:  8    God:
Gold:   77         SH:  4    Dex:  9    Spells: 4/4 levels left

rFire   . . .        Y - +0 war axe
rCold   . . .        c - +0 buckler
rNeg    + . .        n - +0 chain mail
rPois   inf          (no helmet)
rElec   +            (no cloak)
rCorr   .            (no gloves)
SInv    .            (no boots)
Will    .....        (no amulet) Stlth
                     (no ring)
HPRegen 0.25/turn    (no ring)
MPRegen 0.09/turn

%: no passive effects
@: about to teleport
A: sickness immunity, AC +4, negative energy resistance 1, electricity
resistance, torment resistance 1, petrification resistance
a: no special abilities


You were on level 3 of the Dungeon.
You visited 1 branch of the dungeon, and saw 3 of its levels.

You collected 140 gold pieces.
You spent 63 gold pieces at shops.


Innate Abilities, Weirdness & Mutations

You are immune to sickness and miasma.
Your stone body is resilient. (AC +4)
You are immune to poison.
You resist negative energy. (rN+)
You are resistant to electric shocks. (rElec)
You are resistant to unholy torment.
You are immune to petrification.


   Skills:
 - Level 3.2 Fighting
 + Level 4.9 Axes
 - Level 3.2 Armour
 - Level 3.2 Shields


You had 4 spell levels left.
You didn't know any spells.
Your spell library was empty.

Inventory:

Hand Weapons
 h - a +0 whip
 Y - a +0 war axe (weapon)
Armour
 b - a +0 helmet
 c - a +0 buckler (worn)
 n - a +0 chain mail (worn)
Jewellery
 g - a ring of fire
Scrolls
 a - 2 scrolls of identify
 o - a scroll of blinking {unknown}
 p - a scroll of teleportation
Potions
 d - a potion of might
 e - a potion of cancellation {unknown}
 f - a potion of brilliance {unknown}
 i - a potion of resistance {unknown}
 j - a potion of attraction {unknown}
 k - a potion of curing {unknown}
 l - a potion of haste {unknown}
 m - a potion of lignification {unknown}

Dungeon Overview and Level Annotations

Branches:
Dungeon (3/15)

Altars:

Shops:
D:2 [


Message History

You closely miss the orc wizard.
The orc wizard hits you but does no damage.
The orc wizard barely misses you.
You slash the orc wizard!
You kill the orc wizard!
You barely miss the orc wizard. You block the orc wizard's attack.
The orc priest barely misses you.
The orc wizard points at you and mumbles some strange words.
The puff of flame misses you.
You barely miss the orc priest.
You hit the orc wizard but do no damage.
The orc priest hits you but does no damage.
The orc wizard hits you but does no damage.
You hit the orc priest.
The orc priest is moderately wounded.
You closely miss the orc wizard.
The orc priest invokes the aid of Beogh against you.
Beogh smites you!
Ouch! That really hurt!
The orc wizard gestures at you while chanting.
The magic dart hits you.
You hit the orc priest.
The orc priest is heavily wounded.
You closely miss the orc wizard.
The orc priest calls down the wrath of Beogh upon you.
Beogh smites you!
The orc wizard points at you and mumbles some strange words.
You resist with some effort.
2307 ||| READING 2 scrolls of teleportation.
As you read the scroll of teleportation, it crumbles to dust.
You feel strangely unstable. The orc priest barely misses you.
The orc wizard closely misses you.
You barely miss the orc priest.
The orc priest is heavily wounded.
You barely miss the orc wizard.
The orc priest drinks a potion.
The orc priest is healed!
The orc wizard hits you but does no damage.
The orc priest mumbles some strange prayers to Beogh against you.
Beogh smites you!
You die...

#........)...#########
######............##.......
#....#............##.######
#....#............##.#
#....#.....###+#####.#
#....%.....'...# #.#
####....#.....###### #.#
#>.'....#####oo....# #.#
#######....# #@#....# #.#
### ..........##
#.#.#######.# #..
.########.# #.#))#......#
#.# .# #(# #.#<)#.######
#.# ## #.# #.####.## #.#
#.# #.......# ######.#
#.###########..# #......#
#..............###.######
##############........#


You could see an orc priest and an orc wizard.

Vanquished Creatures
  An orc wizard (D:3)
  Robin (D:3)
  2 adders
  2 worms
  5 orcs (D:3)
  4 ball pythons
  4 endoplasms
  4 giant cockroaches
  16 goblins
  10 hobgoblins
  6 jackals (D:1)
  10 kobolds
  A quokka (D:1)
  4 bats
  3 frilled lizards
  2 rats (D:1)
75 creatures vanquished.

Notes
Turn   | Place    | Note
-------+----------+-------------------------------------------
     0 | D:1      | qw the Gargoyle Fighter began the quest for the Orb.
     0 | D:1      | Reached XP level 1. HP: 14/14 MP: 1/1
     0 | D:1      | 0 ||| qw: Version: 0.2-a-29-gc1b59c4
     0 | D:1      | 0 ||| qw: Game counter: 4360
     0 | D:1      | 0 ||| qw: Always use a shield: true
     0 | D:1      | 0 ||| qw: God list: Okawaru
     0 | D:1      | 0 ||| qw: Allow faded altars: false
     0 | D:1      | 0 ||| qw: Do Orc after D:15 true
     0 | D:1      | 0 ||| qw: Do second Lair branch before Depths: true
     0 | D:1      | 0 ||| qw: Lair rune preference: random
     0 | D:1      | 0 ||| qw: Plans: Normal, Zot:1-4, Slime:5, God:TSO, Crypt,
                  | Tomb, Abyss, Pan, Hells, Win
     0 | D:1      | 0 ||| PLANNING D:1-11
    33 | D:1      | Reached skill level 2 in Axes
   119 | D:1      | Reached XP level 2. HP: 19/19 MP: 2/2
   319 | D:1      | 319 ||| DROPPING +0 club.
   408 | D:1      | Reached skill level 3 in Axes
   457 | D:1      | Reached XP level 3. HP: 13/23 MP: 3/3
   696 | D:1      | Found a faded altar of an unknown god.
   830 | D:1      | 830 ||| READING scroll labelled UNNEHE GOTZY.
   831 | D:1      | 831 ||| READING 2 scrolls labelled DIDUOQ FIAGIC.
   832 | D:1      | 832 ||| READING scroll labelled NAT BUOCOOCOS.
   833 | D:1      | 833 ||| DROPPING scroll of fog.
  1169 | D:2      | 1169 ||| Stepping ~*~*~tactically~*~*~ (stealth).
  1171 | D:2      | 1171 ||| Stepping ~*~*~tactically~*~*~ (hiding).
  1172 | D:2      | 1172 ||| Stepping ~*~*~tactically~*~*~ (hiding).
  1272 | D:2      | 1272 ||| Stepping ~*~*~tactically~*~*~ (stealth).
  1273 | D:2      | 1273 ||| Stepping ~*~*~tactically~*~*~ (stealth).
  1358 | D:2      | Reached XP level 4. HP: 24/28 MP: 4/4
  1489 | D:2      | Found Xopp's Armour Emporium.
  1495 | D:2      | 1495 ||| BUYING +0 chain mail (63 gold).
  1495 | D:2      | Bought a +0 chain mail for 63 gold pieces
  1495 | D:2      | 1495 ||| SHOPLISTING +0 pair of boots (63 gold, have 28).
  1495 | D:2      | 1495 ||| SHOPLISTING +0 pair of gloves (63 gold, have 28).
  1495 | D:2      | 1495 ||| SHOPLISTING +1 pair of gloves of strength (231
                  | gold, have 28).
  1716 | D:2      | 1716 ||| UPGRADING to +0 chain mail.
  1726 | D:2      | 1726 ||| DROPPING +0 scale mail.
  1727 | D:2      | 1727 ||| READING 2 scrolls labelled GIW BAYBAA.
  1728 | D:2      | 1728 ||| READING scroll labelled ZIPEUF DASMOJU.
  1744 | D:3      | Noticed Robin
  1746 | D:3      | Reached skill level 4 in Axes
  1748 | D:3      | 1748 ||| STAIRDANCE
  1774 | D:3      | 1774 ||| STAIRDANCE
  1792 | D:3      | Killed Robin
  1818 | D:3      | 1818 ||| Stepping ~*~*~tactically~*~*~ (stealth).
  1829 | D:3      | 1829 ||| Stepping ~*~*~tactically~*~*~ (stealth).
  1935 | D:3      | 1935 ||| Stepping ~*~*~tactically~*~*~ (stealth).
  2011 | D:3      | Reached XP level 5. HP: 32/32 MP: 5/5
  2095 | D:3      | 2095 ||| Stepping ~*~*~tactically~*~*~ (stealth).
  2106 | D:3      | 2106 ||| Stepping ~*~*~tactically~*~*~ (stealth).
  2107 | D:3      | 2107 ||| Stepping ~*~*~tactically~*~*~ (stealth).
  2306 | D:3      | HP: 3/32 [orc priest/divine providence (12)]
  2307 | D:3      | 2307 ||| READING 2 scrolls of teleportation.
  2308 | D:3      | Killed from afar by an orc priest

Levels and vault maps discovered:
D:1:      elethiomel_arrival_infinity_welcomes_careful_drivers, layout_rooms,
          shapermc_ecumenical_altar_mp_vishouse, hex_tiny
D:2:      layout_basic, serial_shops, nicolae_shop_pleasant_corner_grove,
          hex_medium
D:3:      layout_basic, nicolae_hepliaklqana_monster_ancestors, serial_shops,
          shop, uniq_robin, uniq_natasha

Skill      XL: |  1  2  3  4 |
---------------+-------------+-----
Axes           | 2 3 4 |  4.9
Fighting       | |  3.2
Armour         | |  3.2
Shields        | |  3.2

Action                     |  1- 3 |  4- 6 || total
---------------------------+-------+-------++-------
  Melee: War axe           |   129 |    88 ||   217
    Use: Scroll            |     3 |     3 ||     6
 Armour: Scale mail        |    65 |     5 ||    70
         Chain mail        |       |    38 ||    38
  Dodge: Dodged            |    66 |    32 ||    98
  Block: Buckler           |    22 |    17 ||    39

Table legend:
 A = Non-vault XP
 B = Vault XP
 C = Vault XP percentage of total XP
 D = Non-vault monster count
 E = Vault monster count
 F = Vault count percentage of total count
                 A         B        C        D         E       F
            +---------+---------+-------+---------+---------+-------
      Total |     180 |      40 |  18.2 |      62 |      13 |  17.3
            +---------+---------+-------+---------+---------+-------
        D:1 |      52 |       0 |   0.0 |      30 |       0 |   0.0
        D:2 |      45 |       8 |  15.1 |      18 |       4 |  18.2
        D:3 |      83 |      32 |  27.8 |      14 |       9 |  39.1
            +---------+---------+-------+---------+---------+-------
